 Dungeon Crawl Stone Soup version 0.22-a0-162-g33bf127 (webtiles) character file.

5653 Gorice the Carver (level 11, -3/66 HPs)
             Began as a Halfling Fighter on Feb 11, 2018.
             Slain by a gargoyle
             ... wielding a +0 mace
              (5 damage)
             ... on level 9 of the Dungeon on Feb 12, 2018.
             The game lasted 00:42:59 (9343 turns).

Gorice the Carver (Halfling Fighter)                Turns: 9343, Time: 00:43:00

Health: -3/66      AC: 18    Str: 19    XL:     11   Next: 4%
Magic:  11/11      EV:  6    Int:  7    God:
Gold:   558        SH: 13    Dex: 24    Spells: 10/10 levels left

rFire    . . .     SeeInvis .   a - +2 long sword "Inkakk" {venom, Dex+4}
rCold    . . .     Gourm    .   c - +0 shield
rNeg     . . .     Faith    .   Q - +0 plate armour
rPois    .         Spirit   .   (no helmet)
rElec    .         Reflect  +   e - +1 cloak
rCorr    .         Harm     .   r - +0 pair of gloves
MR       .....                  (no boots)
Stlth    ..........             I - +2 amulet of reflection
HPRegen  0.21/turn              q - ring of stealth
MPRegen  0.12/turn              H - +3 ring of dexterity

@: no status effects
A: small, agile 1, mutation resistance 1
a: no special abilities


You were on level 9 of the Dungeon.
You were not hungry.

You visited 2 branches of the dungeon, and saw 10 of its levels.
You also visited: Ossuary.

You collected 558 gold pieces.

Inventory:

Hand Weapons
 a - the +2 long sword "Inkakk" (weapon) {venom, Dex+4}
   (You found it on level 8 of the Dungeon)

   It poisons the flesh of those it strikes.
   It affects your dexterity (+4).
 b - a +0 hunting sling
 f - a +1 long sword of flaming
   (You took it off an orc warrior on level 8 of the Dungeon)
 j - the +2 scimitar of Ancient Evil {slice, *Contam rElec rF+++}
   (You acquired it in an ossuary)

   It inflicts extra damage upon your enemies.
   It renders you almost immune to fire.
   It insulates you from electricity.
   It causes magical contamination when unequipped.
 B - a +0 blowgun
 K - a +2 dagger of venom
   (You took it off a goblin on level 1 of the Dungeon)
Missiles
 t - 75 sling bullets
 u - 13 tomahawks (quivered)
 Y - 380 stones
 Z - a throwing net
Armour
 c - a +0 shield (worn)
 e - a +1 cloak (worn)
 r - a +0 pair of gloves (worn)
 E - a +2 ring mail of cold resistance
   (You found it on level 5 of the Dungeon)
 Q - a +0 plate armour (worn)
Jewellery
 q - a ring of stealth (left hand)
 H - a +3 ring of dexterity (right hand)
 I - a +2 amulet of reflection (around neck)
 L - an uncursed amulet of rage
Wands
 p - a wand of paralysis (20)
 y - a wand of scattershot (6)
 C - a wand of random effects (25)
 J - a wand of acid (11)
 P - a wand of digging (21)
Scrolls
 g - 3 scrolls of enchant armour
 i - 6 scrolls of remove curse
 k - 8 scrolls of teleportation {!r}
 s - 2 scrolls of magic mapping {!r}
 v - 2 scrolls of fear {!r}
 G - a scroll of enchant weapon
 R - a scroll of amnesia
Potions
 d - 3 potions of might {!q}
 n - a potion of lignification {!q}
 o - a potion of resistance {!q}
 w - 4 potions of mutation {!q}
 x - a potion of ambrosia
 z - a potion of brilliance {!q}
 A - a potion of heal wounds {unknown}
 F - 2 potions of flight
 O - a potion of cancellation {!q}
 S - a potion of agility {!q}
Books
 h - a book of Minor Magic
 l - a book of Callings
 m - a book of Alchemy
Comestibles
 D - a chunk of flesh
 M - 23 rations


   Skills:
 - Level 2.6 Fighting
 * Level 12.6 Long Blades
 + Level 10.4 Armour
 - Level 3.2 Shields


You had 10 spell levels left.
You didn't know any spells.

Dungeon Overview and Level Annotations

Branches:
Dungeon (9/15)             Temple (1/1) D:6
   Lair: D:8-11         Orc: D:9-12

Altars:
Cheibriados
Dithmenos
Elyvilon
Fedhas
Gozag
Hepliaklqana
Kikubaaqudgha
Makhleb
Nemelex Xobeh
Okawaru
Qazlal
Ru
Trog
Uskayaw
Vehumet
Wu Jian
Xom
Yredelemnul
Zin
The Shining One
Lugonu


Innate Abilities, Weirdness & Mutations

You are small and have problems with some larger weapons.
You are somewhat resistant to further mutation.
You are agile. (Dex +2)


Message History

You hit the gargoyle.
The gargoyle is lightly damaged.
You block the gargoyle's attack.
You hit the gargoyle but do no damage.
The gargoyle is lightly damaged.
Your plate armour prevents you from hitting the gargoyle.
The gargoyle is lightly damaged.
The gargoyle hurls a stone arrow at you.
The stone arrow hits you!
Damage: 15 (max 15)
You hit the gargoyle but do no damage.
The gargoyle is lightly damaged.
The gargoyle hurls a stone arrow at you.
The stone arrow hits you!
Damage: 16 (max 16)
Your shield and plate armour prevent you from hitting the gargoyle.
The gargoyle is lightly damaged.
The gargoyle hurls a stone arrow at you.
The stone arrow reflects off an invisible shield around you!
The stone arrow hits the gargoyle.
You slash the gargoyle!
The gargoyle is heavily damaged.
The gargoyle completely misses you.
You riposte.
You hit the gargoyle but do no damage.
The gargoyle is heavily damaged.
You hit the gargoyle but do no damage.
The gargoyle is heavily damaged.
The gargoyle barely misses you.
You hit the gargoyle but do no damage.
The gargoyle is heavily damaged.
You hit the gargoyle but do no damage.
The gargoyle is heavily damaged.
The gargoyle hits you but does no damage.
You hit the gargoyle.
The gargoyle is severely damaged.
The gargoyle hurls a stone arrow at you.
The stone arrow hits you!
* * * LOW HITPOINT WARNING * * *
Damage: 32 (max 32) Unknown command.
You feel better.
The gargoyle hurls a stone arrow at you.
The stone arrow hits you!
* * * LOW HITPOINT WARNING * * *
Damage: 2 (max 32) Unknown command.
You barely miss the gargoyle.
The gargoyle is severely damaged.
The gargoyle hits you with a mace.
You die...

#######...........#....
###.###8###.........#####
#:##).'##)#.........#....
###).....'###........+....
#8#.......#8#........#....
#'..................#....
#....8..............##...
#'...........#.##..###...
#8#......@#8#......}......
###).....9###.............
#.##+.+##)#.†............
### ### ###..............
##................
....................
....................
....................
+###############÷#+#


You could see a gargoyle.

Vanquished Creatures
  4 gargoyles (D:9)
  A hippogriff (D:7)
  Sigmund (D:6)
  3 vampire mosquitoes (D:9)
  Menkaure (D:6)
  Edmund (D:5)
  The ghost of Klosterheim the Sneak, an amateur OpWz (D:4)
  Duvessa (D:4)
  2 water moccasins
  3 sky beasts
  An ice beast (D:6)
  2 orc warriors
  4 ogres
  2 phantoms
  A centaur (D:7)
  2 bullfrogs
  3 big kobolds
  Blork the orc (D:5)
  3 elf zombies (Ossuary)
  Dowan (D:4)
  3 vampire bats (D:6)
  2 crimson imps
  A howler monkey (D:5)
  A bullfrog zombie (D:7)
  2 centaur zombies
  A jelly (D:8)
  3 hounds
  A centaur skeleton (D:4)
  A human zombie (Ossuary)
  5 orc priests
  An iguana (D:4)
  Ijyb (D:4)
  3 worker ants
  3 orc wizards
  2 hound zombies
  5 mummies
  A howler monkey zombie (D:7)
  4 gnolls (D:6)
  8 adders
  A shadow imp (D:6)
  2 adder skeletons
  3 adder zombies (Ossuary)
  3 worms (D:2)
  A dart slug (D:2)
  4 leopard geckos
  27 orcs
  3 ball pythons
  15 bats
  4 bat skeletons (D:6)
  2 bat zombies (D:6)
  2 giant cockroaches
  2 gnoll zombies (Ossuary)
  10 goblins
  7 hobgoblins
  17 jackals
  7 quokkas
  6 frilled lizards
  29 kobolds
  An orc zombie (Ossuary)
  A quokka zombie (D:5)
  5 rats
  A rat zombie (Ossuary)
239 creatures vanquished.

Vanquished Creatures (others)
  A goblin (D:3)
  A kobold (D:9)
2 creatures vanquished.

Grand Total: 241 creatures vanquished

Notes
Turn   | Place    | Note
-------+----------+-------------------------------------------
     0 | D:1      | Gorice the Halfling Fighter began the quest for the Orb.
     0 | D:1      | Reached XP level 1. HP: 15/15 MP: 1/1
    78 | D:1      | Reached XP level 2. HP: 11/20 MP: 2/2
   557 | D:1      | Reached XP level 3. HP: 25/25 MP: 3/3
   578 | D:1      | Reached skill level 3 in Long Blades
  1157 | D:2      | Reached XP level 4. HP: 30/30 MP: 4/4
  1231 | D:2      | Reached skill level 4 in Armour
  1453 | D:2      | Reached skill level 4 in Long Blades
  1538 | D:2      | Reached XP level 5. HP: 35/35 MP: 5/5
  2145 | D:3      | Reached XP level 6. HP: 27/41 MP: 6/6
  2163 | D:3      | Reached skill level 5 in Long Blades
  2667 | D:3      | Found a glowing golden altar of the Shining One.
  2669 | D:3      | Noticed an angel
  2851 | D:3      | Found a basalt altar of Yredelemnul.
  3052 | D:4      | Noticed Klosterheim's ghost (amateur OpWz)
  3076 | D:4      | Found a sand-covered staircase.
  3081 | Ossuary  | Entered an ossuary
  3106 | Ossuary  | Reached skill level 5 in Armour
  3164 | Ossuary  | HP: 11/41 [elf zombie (5)]
  3168 | Ossuary  | Reached XP level 7. HP: 12/45 MP: 7/7
  3178 | Ossuary  | HP: 12/45 [gnoll zombie (2)]
  3198 | Ossuary  | HP: 10/45 [elf zombie (2)]
  3307 | Ossuary  | Reached skill level 6 in Long Blades
  3312 | Ossuary  | HP: 12/45 [elf zombie (3)]
  3756 | Ossuary  | Identified a scroll of acquirement
  3757 | Ossuary  | Got an encrusted scimitar
  3758 | Ossuary  | Identified the +2 scimitar of Ancient Evil {slice, *Contam rElec rF+++} (You acquired it in an ossuary)
  3770 | D:4      | Gained mutation: Scrolls take you a little longer to read. [mutagenic glow]
  3801 | D:4      | Killed Klosterheim's ghost
  3801 | D:4      | Reached skill level 6 in Armour
  3815 | D:4      | Lost mutation: Scrolls take you a little longer to read. [potion of mutation]
  3815 | D:4      | Gained mutation: You are agile. (Dex +2) [potion of mutation]
  3871 | D:4      | Found a hazy altar of Hepliaklqana.
  3874 | D:4      | Noticed Ijyb
  3899 | D:4      | Killed Ijyb
  3910 | D:4      | Reached skill level 7 in Long Blades
  3910 | D:4      | Reached XP level 8. HP: 39/51 MP: 8/8
  3982 | D:4      | Found an iron altar of Okawaru.
  4257 | D:4      | Noticed Dowan
  4258 | D:4      | Noticed Duvessa
  4293 | D:4      | Killed Duvessa
  4295 | D:4      | Killed Dowan
  4429 | D:4      | Reached skill level 8 in Long Blades
  4963 | D:4      | Found a bloodstained altar of Trog.
  4981 | D:5      | Entered Level 5 of the Dungeon
  5019 | D:5      | Reached skill level 7 in Armour
  5214 | D:5      | Noticed Edmund
  5247 | D:5      | Killed Edmund
  5289 | D:5      | Noticed Blork the orc
  5297 | D:5      | Killed Blork the orc
  5297 | D:5      | Reached XP level 9. HP: 50/55 MP: 9/9
  5334 | D:5      | Reached skill level 9 in Long Blades
  5364 | D:5      | Upgraded the game from 0.22-a0-161-g198051c to 0.22-a0-162-g33bf127
  5737 | D:6      | Found a hide-covered altar of Uskayaw.
  5738 | D:6      | Found a sparkling altar of Nemelex Xobeh.
  5740 | D:6      | Noticed Menkaure
  5754 | D:6      | Killed Menkaure
  5784 | D:6      | Noticed Sigmund
  5827 | D:6      | Killed Sigmund
  5827 | D:6      | Reached skill level 8 in Armour
  5925 | D:6      | Found a staircase to the Ecumenical Temple.
  5941 | Temple   | Entered the Ecumenical Temple
  6044 | D:6      | Reached skill level 10 in Long Blades
  6069 | D:6      | Found an opulent altar of Gozag.
  6298 | D:6      | Found an ancient bone altar of Kikubaaqudgha.
  6814 | D:7      | Reached XP level 10. HP: 56/61 MP: 10/10
  6932 | D:7      | Reached skill level 11 in Long Blades
  6932 | D:7      | Reached skill level 9 in Armour
  7267 | D:7      | Found a white marble altar of Elyvilon.
  7666 | D:8      | Got a transparent long sword
  7672 | D:8      | Identified the +2 long sword "Inkakk" {venom, Dex+4} (You found it on level 8 of the Dungeon)
  8102 | D:8      | Found a snail-covered altar of Cheibriados.
  8720 | D:9      | Found a burning altar of Makhleb.
  8722 | D:9      | Found a glowing silver altar of Zin.
  8723 | D:9      | Noticed an Executioner
  8723 | D:9      | Noticed an angel
  8889 | D:9      | Noticed a gargoyle
  8894 | D:9      | Killed a gargoyle
  8894 | D:9      | Reached skill level 12 in Long Blades
  8909 | D:9      | Noticed a gargoyle
  8918 | D:9      | Killed a gargoyle
  8918 | D:9      | Reached skill level 10 in Armour
  8924 | D:9      | Noticed a gargoyle
  8943 | D:9      | Killed a gargoyle
  8980 | D:9      | Noticed a gargoyle
  9000 | D:9      | Killed a gargoyle
  9110 | D:9      | Reached XP level 11. HP: 36/66 MP: 11/11
  9341 | D:9      | HP: 4/66 [gargoyle/stone arrow (32)]
  9343 | D:9      | Slain by a gargoyle

Vault maps used:
D:1:      erik_arrival_triangle_small, minivault_24
D:3:      grunt_temple_overflow_holy_war, first_ration, minmay_parallelograms
D:4:      lemuel_doored_altar, okawaru_gym_becter, lightli_temple_of_fire,
          enter_ossuary_5, serial_column_ruins, column_ruins_hut_ruined,
          column_ruins_hut, column_ruins_open_tiny, column_ruins_columns_corner,
          column_ruins_open_tiny, column_ruins_open_tiny,
          column_ruins_corridor_water, column_ruins_corridor_straight,
          uniq_ijyb, uniq_duvessa
D:5:      uniq_edmund, uniq_blork_the_orc
D:6:      nicolae_overflow_crystal_walls, kennysheep_vampire_church,
          grunt_gozag_statues, temple_green, basic_altar, uniq_menkaure,
          uniq_sigmund
D:7:      elyvilon_altar_1
D:8:      slow_altar_1, grunt_ogre_cave
D:9:      cheibrodos_statue_roulette, grunt_temple_overflow_order_and_chaos_2,
          old_standard_altar, led_sif_pool
Temple:   corrupted_temple
Ossuary:  ossuary_minmay_tomb_2a

Skill      XL: |  1  2  3  4  5  6  7  8  9 10 |
---------------+-------------------------------+-----
Long Blades    | 3 4 5 7 8 10 12 | 12.6
Armour         | 4 5 6 7 8 10 | 10.4
Fighting       | |  2.6
Shields        | |  3.2

Action                   |  1- 3 |  4- 6 |  7- 9 | 10-12 || total
-------------------------+-------+-------+-------+-------++-------
Melee: Long sword        |    78 |    61 |    92 |   206 ||   437
       Dagger            |    52 |   164 |   396 |    60 ||   672
 Fire: Hunting sling     |       |    38 |    75 |    50 ||   163
Throw: Stone             |     5 |     7 |     6 |       ||    18
       Tomahawk          |       |       |     3 |       ||     3
Evoke: Wand              |       |       |     5 |       ||     5
  Use: Scroll            |     6 |     4 |     9 |     5 ||    24
       Potion            |       |     1 |     2 |     1 ||     4
 Stab: Paralysed         |       |       |     3 |       ||     3
  Eat: Chunk             |     1 |     6 |     9 |     9 ||    25
       Ration            |       |       |     1 |       ||     1
Armor: Scale mail        |    54 |    90 |    22 |       ||   166
       Chain mail        |       |       |   153 |    26 ||   179
       Plate armour      |       |       |       |    66 ||    66
Dodge: Dodged            |    46 |    90 |    84 |    35 ||   255
Block: Shield            |    69 |   113 |   206 |   118 ||   506
       Reflection        |       |       |     6 |    21 ||    27
       Rpst.: Long sword |    12 |    11 |    10 |     8 ||    41

Table legend:
 A = Spawn XP
 B = Non-spawn XP
 C = Spawn XP percentage of total XP
 D = Spawn monster count
 E = Non-spawn monster count
 F = Spawn count percentage of total count
 G = Total turns spent on level
                    A         B        C        D         E        F      G
               +---------+---------+-------+---------+---------+-------+---------
         Total |       0 |    8076 |   0.0 |       0 |     239 |   0.0 |  9343
               +---------+---------+-------+---------+---------+-------+---------
           D:1 |       0 |      60 |   0.0 |       0 |      37 |   0.0 |  1066
           D:2 |       0 |     106 |   0.0 |       0 |      34 |   0.0 |   877
           D:3 |       0 |     175 |   0.0 |       0 |      22 |   0.0 |  1055
           D:4 |       0 |     836 |   0.0 |       0 |      19 |   0.0 |  1297
           D:5 |       0 |     645 |   0.0 |       0 |      17 |   0.0 |   739
           D:6 |       0 |    1326 |   0.0 |       0 |      29 |   0.0 |   901
           D:7 |       0 |    1191 |   0.0 |       0 |      18 |   0.0 |   953
           D:8 |       0 |     925 |   0.0 |       0 |      27 |   0.0 |  1039
           D:9 |       0 |    2372 |   0.0 |       0 |      20 |   0.0 |   681
       Ossuary |       0 |     440 |   0.0 |       0 |      16 |   0.0 |   686
               +---------+---------+-------+---------+---------+-------+---------

Table legend:
 A = Turns spent in this place as a percentage of turns spent in the entire game.
 B = Non-inter-level travel turns spent in this place as a percentage of non-inter-level travel turns spent in the entire game.
 C = Inter-level travel turns spent in this place as a percentage of turns spent in this place.
 D = Turns resting spent in this place as a percentage of non-inter-level travel turns spent in this place.
 E = Turns spent auto-exploring this place as a percentage of non-inter-level travel turns spent in this place.
 F = Non-inter-level travel turns spent in this place divided by the number of levels of this place that you've seen.
                   A       B       C       D       E      F
               +-------+-------+-------+-------+-------+----------------------
         Total | 100.0 | 100.0 |   1.8 |  14.7 |  39.6 | 833.8
       Dungeon |  92.1 |  92.1 |   1.8 |  13.9 |  42.6 | 939.0
        Temple |   0.5 |   0.4 |  28.6 |   0.0 |  94.3 |  35.0
       Ossuary |   7.3 |   7.5 |   0.0 |  24.6 |   0.0 | 686.0
               +-------+-------+-------+-------+-------+----------------------

Vault maps used:
D:1:      erik_arrival_triangle_small, minivault_24
D:3:      grunt_temple_overflow_holy_war, first_ration, minmay_parallelograms
D:4:      lemuel_doored_altar, okawaru_gym_becter, lightli_temple_of_fire,
          enter_ossuary_5, serial_column_ruins, column_ruins_hut_ruined,
          column_ruins_hut, column_ruins_open_tiny, column_ruins_columns_corner,
          column_ruins_open_tiny, column_ruins_open_tiny,
          column_ruins_corridor_water, column_ruins_corridor_straight,
          uniq_ijyb, uniq_duvessa
D:5:      uniq_edmund, uniq_blork_the_orc
D:6:      nicolae_overflow_crystal_walls, kennysheep_vampire_church,
          grunt_gozag_statues, temple_green, basic_altar, uniq_menkaure,
          uniq_sigmund
D:7:      elyvilon_altar_1
D:8:      slow_altar_1, grunt_ogre_cave
D:9:      cheibrodos_statue_roulette, grunt_temple_overflow_order_and_chaos_2,
          old_standard_altar, led_sif_pool
Temple:   corrupted_temple
Ossuary:  ossuary_minmay_tomb_2a
